 Dungeon Sprint DCSS version 0.21-a0-401-g0b6bec4 (webtiles) character file.

38487 Kidiri the Eclecticist (level 12, -22/68 HPs)
             Began as a Deep Elf Fire Elementalist on Oct 23, 2017.
             Was the Champion of Vehumet.
             Annihilated by a dire elephant (23 damage)
             ... in the Dungeon (Sprint III: "The Ten Rune Challenge").
             The game lasted 00:30:38 (6144 turns).

Kidiri the Eclecticist (Deep Elf Fire Elementalist) Turns: 6144, Time: 00:30:39

Health: -22/68     AC: 16    Str:  5    XL:     12   Next: 89%
Magic:  22/34      EV: 10    Int: 26    God:    Vehumet [******]
Gold:   56         SH:  0    Dex: 15    Spells: 0/51 levels left

rFire    . . .     SeeInvis .   C - +4 dagger (venom)
rCold    . . .     Gourm    .   (no shield)
rNeg     + . .     Faith    .   l - +4 scale mail {rN+}
rPois    +         Spirit   .   W - +0 helmet
rElec    .         Reflect  .   k - +0 cloak
rCorr    .         Harm     .   (no gloves)
MR       ++...     NoTele   +   a - +0 pair of boots (curse)
Stlth    +.........             (no amulet)
HPRegen  0.21/turn              e - ring of poison resistance
MPRegen  0.24/turn              P - ring of protection from magic

@: very slightly contaminated, hasted, very quick
A: frail 1, low mp 1
}: 1/10 runes: serpentine
a: Renounce Religion


You were in the Dungeon.
You worshipped Vehumet.
Vehumet was exalted by your worship.
You were not hungry.

You visited 1 branch You collected 56 gold pieces.

Inventory:

Hand Weapons
 d - a +0 quarterstaff
 g - a +0 halberd
 j - a +0 blowgun
 u - a +0 blowgun
 x - a +1 great sword of protection
 z - a +0 short sword
 C - a +4 dagger of venom (weapon)
 D - a +0 hand axe
 G - a +0 flail
Missiles
 b - 10 needles of paralysis
Armour
 a - a cursed +0 pair of boots (worn)
 i - a +0 robe
 k - a +0 cloak (worn)
 l - a +4 scale mail of positive energy (worn)
 v - a +0 robe
 y - a +0 scale mail
 A - a +0 robe
 B - a +0 shield
 E - a +0 robe
 W - a +0 helmet (worn)
Jewellery
 e - a ring of poison resistance (left hand)
 P - a ring of protection from magic (right hand)
Wands
 c - a wand of acid (5/15)
 O - a wand of disintegration (13/24)
Scrolls
 m - a scroll of torment {unknown}
 n - a scroll of immolation {unknown}
 o - a scroll of enchant weapon {unknown}
 q - a scroll of holy word {unknown}
 r - 2 scrolls of identify {unknown}
 s - 3 scrolls of remove curse
 R - a scroll of enchant armour {unknown}
Potions
 f - 2 potions of haste
 h - a potion of berserk rage
 p - 2 potions of flight
 N - 2 potions of brilliance {unknown}
 S - 2 potions of ambrosia {unknown}
Comestibles
 t - 3 meat rations
 w - 10 inedible chunks of flesh
 F - 29 royal jellies
 M - a bread ration


   Skills:
 + Level 9.3 Fighting
 - Level 10.0 Short Blades
 + Level 9.3 Armour
 - Level 12.0 Dodging
 - Level 2.4 Stealth
 + Level 0.3 Shields
 * Level 20.4 Spellcasting
 + Level 12.9 Conjurations
 + Level 13.3 Fire Magic
 + Level 9.0 Ice Magic
 + Level 8.7 Earth Magic
 + Level 9.5 Poison Magic


You couldn't memorise any spells.
You knew the following spells:

 Your Spells              Type           Power        Failure   Level  Hunger
a - Flame Tongue          Conj/Fire      #####        1%          1    None
b - Throw Flame           Conj/Fire      ######       1%          2    None
c - Conjure Flame         Conj/Fire      #######.     1%          3    None
d - Inner Flame           Hex/Fire       ######..     1%          3    None
e - Ignite Poison         Fire/Tmut/Pois ######..     1%          3    None
f - Sticky Flame          Conj/Fire      #######.     1%          4    None
g - Fireball              Conj/Fire      #######...   1%          5    None
h - Bolt of Magma         Conj/Fire/Erth ######....   1%          5    None
i - Bolt of Fire          Conj/Fire      #######...   4%          6    #......
j - Throw Icicle          Conj/Ice       ######..     1%          4    None
k - Bolt of Cold          Conj/Ice       ######....   9%          6    #......
l - Fire Storm            Conj/Fire      #######...   100%        9    #######


Dungeon Overview and Level Annotations

Branches:
Dungeon (1/1)

Altars:
Cheibriados
Dithmenos
Elyvilon
Fedhas
Gozag
Hepliaklqana
Kikubaaqudgha
Makhleb
Nemelex Xobeh
Okawaru
Qazlal
Ru
Sif Muna
Trog
Uskayaw
Vehumet
Wu Jian
Xom
Yredelemnul
Zin
The Shining One
Beogh
Jiyva
Lugonu

Shops:
D !:(

Annotations:
D exclusion: 6 doors, Gastronok


Innate Abilities, Weirdness & Mutations

You are frail. (-10% HP)
Your magical capacity is low. (-10% MP)


Message History

The dire elephant tramples you!!
* * * LOW HITPOINT WARNING * * *
You hold your ground!
The dire elephant trunk-slaps you but does no damage.
The fire vortex hits you. The fire vortex burns you!
* * * LOW HITPOINT WARNING * * *
The fire vortex dissipates!
The fire vortex hits you. The fire vortex burns you!
* * * LOW HITPOINT WARNING * * *
The fire vortex dissipates!
The dire elephant tramples the plant!!
The dire elephant trunk-slaps the plant!
Unknown command.
Unknown command.
Okay, then.
Unknown command.
Okay, then.
Unknown command.
You feel yourself speed up. The dire elephant tramples you!!
You die...

#..# #..#####....#___
▓▓▓▓▓▓▓▓▓▓▓▓▓▓▓▓▓▓▓▓▓
▓...+≈§≈§§≈≈≈≈♣♣.....
▓..P#≈≈≈§§§§≈≈♣♣.≈≈≈≈
▓.PP#≈.§≈§§§.≈≈'.....
▓.YP#≈≈.≈§§≈§≈♣♣♣♣♣♣♣
YYw#≈≈≈≈≈§..≈♣
▓##Y####'#######♣ ♣
▓..§@§..........♣♣ ♣
▓#+#############+♣ ♣
.JJ#≈P..........♣
▓.JJ+≈≈...########♣♣
▓...#≈≈≈.........PP♣
▓...#≈≈≈≈...P.....P♣
#+#############+#####
#...... #......


You could see Gastronok, 2 dire elephants, 4 azure jellies and 2 elephants.

Vanquished Creatures
  Rupert (D)
  A nagaraja (D)
  Josephine (D)
  2 hydras (D)
  A naga warrior (D)
  A centaur warrior (D)
  4 anacondas (D)
  Urug (D)
  4 death yaks (D)
  A death drake (D)
  A spriggan druid (D)
  An unseen horror (D)
  A deep elf mage (D)
  A lindwurm (D)
  A moth of wrath (D)
  A guardian serpent (D)
  4 black mambas (D)
  2 spiny frogs (D)
  A rime drake (D)
  A komodo dragon (D)
  A queen bee (D)
  3 wandering mushrooms (D)
  2 tyrant leeches (D)
  8 blink frogs (D)
  3 redbacks (D)
  A shadow (D)
  2 spriggans (D)
  A spatial vortex (D)
  2 nagas (D)
  8 water moccasins (D)
  A hydra simulacrum (D)
  A swamp drake (D)
  2 fire dragon simulacra (D)
  A black mamba simulacrum (D)
  A necrophage (D)
  2 centaurs (D)
  A water elemental (D)
  32 killer bees (D)
  An electric eel (D)
  A jelly (D)
  A wizard (D)
  Crazy Yiuf (D)
  A necromancer (D)
  A kobold demonologist (D)
  3 humans (D)
  2 adders (D)
  An ooze (D)
  3 rats (D)
  2 plants (D)
120 creatures vanquished.

Vanquished Creatures (others)
  2 draconian scorchers (D)
  A black mamba (D)
  6 hellions (D)
  3 yaktaurs (D)
  2 fire vortices (D)
  7 plants (D)
21 creatures vanquished.

Grand Total: 141 creatures vanquished

Notes
Turn   | Place    | Note
-------+----------+-------------------------------------------
     0 | D        | Kidiri the Deep Elf Fire Elementalist began the quest for the Orb.
     0 | D        | Reached XP level 1. HP: 10/10 MP: 6/6
     9 | D        | Reached skill level 4 in Spellcasting
   121 | D        | Killed a hellion
   122 | D        | Killed a hellion
   122 | D        | Killed a hellion
   123 | D        | Killed a hellion
   123 | D        | Killed a hellion
   124 | D        | Reached skill level 6 in Spellcasting
   124 | D        | Reached XP level 2. HP: 10/15 MP: 0/11
   131 | D        | Learned a level 2 spell: Throw Flame
   169 | D        | Killed a white draconian scorcher
   225 | D        | Noticed Crazy Yiuf
   228 | D        | Killed Crazy Yiuf
   228 | D        | Reached skill level 7 in Spellcasting
   228 | D        | Reached skill level 5 in Fire Magic
   228 | D        | Reached XP level 3. HP: 19/19 MP: 8/13
   233 | D        | Learned a level 3 spell: Conjure Flame
   237 | D        | Learned a level 3 spell: Inner Flame
   251 | D        | Killed a hellion
   262 | D        | Gained mutation: You are agile. (Dex +2) [potion of mutation]
   262 | D        | Gained mutation: You are resistant to hostile enchantments. (MR+) [potion of mutation]
   263 | D        | Lost mutation: You are agile. (Dex +2) [potion of mutation]
   263 | D        | Lost mutation: You are resistant to hostile enchantments. (MR+) [potion of mutation]
   263 | D        | Gained mutation: You have a pair of small antennae on your head. [potion of mutation]
   263 | D        | Gained mutation: You are frail. (-10% HP) [potion of mutation]
   263 | D        | Gained mutation: You are agile. (Dex +2) [potion of mutation]
   264 | D        | Lost mutation: You are frail. (-10% HP) [potion of mutation]
   264 | D        | Lost mutation: You are agile. (Dex +2) [potion of mutation]
   264 | D        | Lost mutation: You have a pair of small antennae on your head. [potion of mutation]
   264 | D        | Gained mutation: Your muscles are strong. (Str +2) [potion of mutation]
   264 | D        | Gained mutation: You have a pair of small horns on your head. [potion of mutation]
   264 | D        | Killed a white draconian scorcher
   265 | D        | Lost mutation: You have a pair of small horns on your head. [potion of mutation]
   265 | D        | Lost mutation: Your muscles are strong. (Str +2) [potion of mutation]
   265 | D        | Gained mutation: You are dopey. (Int -2) [potion of mutation]
   265 | D        | Gained mutation: Your magical capacity is low. (-10% MP) [potion of mutation]
   265 | D        | Gained mutation: You are frail. (-10% HP) [potion of mutation]
   265 | D        | Lost mutation: You are dopey. (Int -2) [potion of mutation]
   272 | D        | Noticed a water elemental
   276 | D        | Killed a water elemental
   276 | D        | Reached skill level 9 in Spellcasting
   276 | D        | Reached skill level 5 in Conjurations
   276 | D        | Reached XP level 4. HP: 21/21 MP: 7/15
   283 | D        | Learned a level 4 spell: Sticky Flame
   331 | D        | Found a radiant altar of Vehumet.
   332 | D        | Found a deep blue altar of Sif Muna.
   332 | D        | Found an ancient bone altar of Kikubaaqudgha.
   332 | D        | Noticed a wizard
   334 | D        | Killed a wizard
   334 | D        | Reached XP level 5. HP: 25/25 MP: 10/17
   336 | D        | Reached skill level 10 in Spellcasting
   350 | D        | Learned a level 5 spell: Fireball
   353 | D        | Became a worshipper of Vehumet
   416 | D        | Found a glowing silver altar of Zin.
   417 | D        | Found a glowing golden altar of the Shining One.
   417 | D        | Found a white marble altar of Elyvilon.
   417 | D        | Noticed a deep elf mage
   420 | D        | Noticed a fire elemental
   423 | D        | Killed a deep elf mage
   423 | D        | Reached skill level 5 in Dodging
   423 | D        | Reached skill level 12 in Spellcasting
   423 | D        | Reached XP level 6. HP: 16/33 MP: 11/21
   423 | D        | Reached XP level 7. HP: 17/36 MP: 11/22
   491 | D        | Killed a yaktaur
   584 | D        | Found an ornate altar of the Wu Jian Council.
   584 | D        | Found a roughly hewn altar of Beogh.
   584 | D        | Found an iron altar of Okawaru.
   584 | D        | Found a bloodstained altar of Trog.
   584 | D        | Found a hide-covered altar of Uskayaw.
   584 | D        | Noticed a human
   584 | D        | Noticed a human
   590 | D        | Killed a human
   592 | D        | Killed a human
   592 | D        | Reached * piety under Vehumet
   592 | D        | Offered knowledge of Sting by Vehumet.
   592 | D        | Reached skill level 13 in Spellcasting
   778 | D        | Found a basalt altar of Yredelemnul.
   778 | D        | Found a shadowy altar of Dithmenos.
   778 | D        | Found a sacrificial altar of Ru.
   872 | D        | Noticed a shadow
   872 | D        | Reached ** piety under Vehumet
   872 | D        | Offered knowledge of Freeze by Vehumet.
   872 | D        | Reached XP level 8. HP: 11/43 MP: 16/24
  1099 | D        | Found a blossoming altar of Fedhas.
  1099 | D        | Found a stormy altar of Qazlal.
  1099 | D        | Found a snail-covered altar of Cheibriados.
  1099 | D        | Found a burning altar of Makhleb.
  1099 | D        | Found a shimmering altar of Xom.
  1100 | D        | Found a hazy altar of Hepliaklqana.
  1100 | D        | Found an opulent altar of Gozag.
  1100 | D        | Found a sparkling altar of Nemelex Xobeh.
  1100 | D        | Found a corrupted altar of Lugonu.
  1100 | D        | Found a viscous altar of Jiyva.
  1118 | D        | Reached skill level 5 in Short Blades
  1201 | D        | Noticed Josephine
  1203 | D        | Killed Josephine
  1203 | D        | Offered knowledge of Dazzling Spray by Vehumet.
  1203 | D        | Reached skill level 5 in Armour
  1203 | D        | Reached skill level 14 in Spellcasting
  1203 | D        | Reached XP level 9. HP: 29/47 MP: 10/26
  1457 | D        | Noticed a centaur warrior
  1458 | D        | Reached *** piety under Vehumet
  1458 | D        | Reached skill level 5 in Fighting
  1464 | D        | Killed a centaur warrior
  1464 | D        | Offered knowledge of Ignite Poison by Vehumet.
  1464 | D        | Reached skill level 15 in Spellcasting
  1464 | D        | Reached skill level 10 in Fire Magic
  1469 | D        | Learned a level 3 spell: Ignite Poison
  1646 | D        | Noticed an unseen horror
  1650 | D        | Killed an unseen horror
  1650 | D        | Reached skill level 1 in Poison Magic
  1695 | D        | Killed a yaktaur
  1977 | D        | Noticed a queen bee
  1981 | D        | Killed a queen bee
  1981 | D        | Reached **** piety under Vehumet
  1982 | D        | Offered knowledge of Throw Icicle by Vehumet.
  1982 | D        | Reached skill level 16 in Spellcasting
  2303 | D        | Learned a level 4 spell: Throw Icicle
  2314 | D        | Reached ***** piety under Vehumet
  2314 | D        | Offered knowledge of Force Lance by Vehumet.
  2314 | D        | Reached XP level 10. HP: 54/54 MP: 21/29
  2319 | D        | Reached skill level 1 in Ice Magic
  2329 | D        | Reached skill level 10 in Conjurations
  2872 | D        | Reached ****** piety under Vehumet
  2872 | D        | Offered knowledge of Bolt of Magma by Vehumet.
  2904 | D        | Learned a level 5 spell: Bolt of Magma
  3181 | D        | Reached skill level 1 in Earth Magic
  3256 | D        | Offered knowledge of Ozocubu's Refrigeration by Vehumet.
  3600 | D        | Noticed a spiny frog
  3600 | D        | Noticed a spiny frog
  3601 | D        | Killed a spiny frog
  3601 | D        | Offered knowledge of Bolt of Fire by Vehumet.
  3601 | D        | Reached skill level 10 in Dodging
  3601 | D        | Reached skill level 17 in Spellcasting
  3602 | D        | Killed a spiny frog
  3611 | D        | Learned a level 6 spell: Bolt of Fire
  3731 | D        | Reached skill level 5 in Poison Magic
  3917 | D        | Noticed a lindwurm
  3920 | D        | Killed a lindwurm
  3920 | D        | Reached XP level 11. HP: 60/60 MP: 22/31
  3987 | D        | Noticed Urug
  3993 | D        | Killed Urug
  4155 | D        | Offered knowledge of Bolt of Cold by Vehumet.
  4155 | D        | Reached skill level 5 in Ice Magic
  4163 | D        | Learned a level 6 spell: Bolt of Cold
  4311 | D        | Noticed a seven-headed hydra
  4313 | D        | Noticed a six-headed hydra
  4316 | D        | Killed a seven-headed hydra
  4316 | D        | Offered knowledge of Freezing Cloud by Vehumet.
  4316 | D        | Reached skill level 18 in Spellcasting
  4316 | D        | Reached skill level 5 in Earth Magic
  4317 | D        | Killed a six-headed hydra
  4427 | D        | Noticed a death drake
  4430 | D        | Killed a death drake
  4500 | D        | Noticed a swamp dragon
  4573 | D        | Found a blossoming altar of Fedhas.
  4573 | D        | Noticed a spriggan druid
  4573 | D        | Paralysed by a spriggan for 5 turns
  4582 | D        | Killed a spriggan druid
  4768 | D        | Noticed Rupert
  4772 | D        | Killed Rupert
  4857 | D        | Noticed a death yak
  4858 | D        | Noticed a death yak
  4860 | D        | Noticed a death yak
  4860 | D        | Offered knowledge of Spellforged Servitor by Vehumet.
  4861 | D        | Killed a death yak
  4861 | D        | Reached XP level 12. HP: 65/65 MP: 15/33
  4862 | D        | Killed a death yak
  4862 | D        | Reached skill level 19 in Spellcasting
  4863 | D        | Noticed a death yak
  5060 | D        | Killed a death yak
  5078 | D        | Killed a death yak
  5078 | D        | Reached skill level 10 in Short Blades
  5254 | D        | Noticed an azure jelly
  5254 | D        | Noticed an azure jelly
  5257 | D        | Offered knowledge of Lehudib's Crystal Spear by Vehumet.
  5257 | D        | Offered knowledge of Fire Storm by Vehumet.
  5257 | D        | Offered knowledge of Glaciate by Vehumet.
  5663 | D        | Noticed an anaconda
  5671 | D        | Killed an anaconda
  5727 | D        | Noticed an anaconda
  5732 | D        | Noticed an anaconda
  5732 | D        | Killed an anaconda
  5733 | D        | Killed an anaconda
  5736 | D        | Reached skill level 20 in Spellcasting
  5737 | D        | Noticed an anaconda
  5745 | D        | Killed an anaconda
  5943 | D        | Learned a level 9 spell: Fire Storm
  5973 | D        | Noticed a naga warrior
  5973 | D        | Noticed a nagaraja
  5978 | D        | Killed a naga warrior
  5978 | D        | Killed a nagaraja
  5980 | D        | Found Fano's Distillery.
  5980 | D        | Found Jesupyh's Book Emporium.
  5982 | D        | Found Mucvin's Antique Weapon Shop.
  6058 | D        | Got a serpentine rune of Zot
  6134 | D        | Noticed an azure jelly
  6134 | D        | Noticed an azure jelly
  6141 | D        | Noticed a dire elephant
  6141 | D        | Noticed a dire elephant
  6141 | D        | Noticed Gastronok
  6143 | D        | HP: 1/68 [fire vortex[miscasting Bolt of Fire] (10)]
  6144 | D        | Annihilated by a dire elephant

Vault maps used:
D:        dungeon_sprint_mu

Skill      XL: |  1  2  3  4  5  6  7  8  9 10 11 12 |
---------------+-------------------------------------+-----
Spellcasting   | 6 7 9 12 13 14 16 17 18 20 | 20.4
Conjurations   | 3 5 7 8 9 10 11 12 | 12.9
Fire Magic     | 4 5 6 8 9 10 11 12 13 | 13.3
Fighting       | 3 4 6 7 8 9 |  9.3
Short Blades   | 3 4 6 7 8 9 10 | 10.0
Armour         | 3 5 6 7 8 9 |  9.3
Dodging        | 5 6 7 9 10 11 12 | 12.0
Poison Magic   | 2 5 7 9 |  9.5
Ice Magic      | 4 7 9 |  9.0
Earth Magic    | 3 6 8 |  8.7
Stealth        | |  2.4
Shields        | |  0.3

Action                   |  1- 3 |  4- 6 |  7- 9 | 10-12 || total
-------------------------+-------+-------+-------+-------++-------
Melee: Dagger            |       |       |     6 |    19 ||    25
 Cast: Flame Tongue      |    20 |     5 |    41 |    30 ||    96
       Conjure Flame     |     1 |       |     4 |     3 ||     8
       Sticky Flame      |       |     3 |    12 |    13 ||    28
       Fireball          |       |       |     9 |     8 ||    17
       Inner Flame       |       |       |     4 |     5 ||     9
       Ignite Poison     |       |       |     2 |     3 ||     5
       Throw Icicle      |       |       |       |    16 ||    16
       Bolt of Magma     |       |       |       |    18 ||    18
       Bolt of Fire      |       |       |       |    49 ||    49
       Throw Flame       |       |       |       |     1 ||     1
       Bolt of Cold      |       |       |       |     5 ||     5
Evoke: Fan of gales      |       |       |       |     1 ||     1
  Use: Potion            |     5 |     1 |     2 |     2 ||    10
       Scroll            |       |       |     1 |       ||     1
  Eat: Chunk             |       |       |     1 |     4 ||     5
       Bread ration      |       |       |     1 |     1 ||     2
       Fruit             |       |       |       |    10 ||    10
Armor: Robe              |       |     3 |       |       ||     3
       Leather armour    |       |       |     4 |     7 ||    11
       Scale mail        |       |       |       |    23 ||    23
Dodge: Dodged            |     6 |     2 |    27 |    80 ||   115

Table legend:
 A = Spawn XP
 B = Non-spawn XP
 C = Spawn XP percentage of total XP
 D = Spawn monster count
 E = Non-spawn monster count
 F = Spawn count percentage of total count
 G = Total turns spent on level
                    A         B        C        D         E        F      G
               +---------+---------+-------+---------+---------+-------+---------
         Total |       0 |   36411 |   0.0 |       0 |     118 |   0.0 |  6144
               +---------+---------+-------+---------+---------+-------+---------
             D |       0 |   36411 |   0.0 |       0 |     118 |   0.0 |  6144
               +---------+---------+-------+---------+---------+-------+---------
